 Dungeon Crawl Stone Soup version 0.29.1-15-g9cfb28693d (webtiles) character file.

Game seed: 374518841677695405

67 vishdafish the Conjurer (level 4, 24/30 HPs)
             Began as a Demonspawn Conjurer on Mar 29, 2023.
             Quit the game on level 3 of the Dungeon.
             The game lasted 00:02:13 (2877 turns).

vishdafish the Conjurer (Demonspawn Conjurer)       Turns: 2877, Time: 00:02:14

Health: 24/30      AC:  2    Str:  8    XL:     4   Next: 0%
Magic:  3/8        EV: 12    Int: 21    God:
Gold:   110        SH:  0    Dex: 11    Spells: 8/9 levels left

rFire   . . .      SeeInvis .   j - +0 short sword
rCold   . . .      Faith    .   (no shield)
rNeg    . . .      Spirit   .   a - +0 robe
rPois   .          Reflect  .   (helmet restricted)
rElec   .          Harm     .   (no cloak)
rCorr   .          Rampage  .   (no gloves)
Will    .....                   (no boots)
Stlth   ++........              (no amulet)
HPRegen 0.10/turn               (no ring)
MPRegen 0.11/turn               (no ring)

@: no status effects
A: horns 1, demonic guardian 1
a: no special abilities


You were on level 3 of the Dungeon.
You visited 1 branch of the dungeon, and saw 3 of its levels.

You collected 110 gold pieces.

Inventory:

Hand Weapons
 j - a +0 short sword (weapon)
Armour
 a - a +0 robe (worn)
Jewellery
 l - a ring of ice
Scrolls
 d - 4 scrolls of identify {unknown}
 e - a scroll of noise {unknown}
 h - a scroll of vulnerability {unknown}
 i - a scroll of teleportation {unknown}
 m - a scroll of magic mapping {unknown}
 n - a scroll of brand weapon {unknown}
 o - a scroll of poison {unknown}
Potions
 b - a potion of mutation {unknown}
 c - a potion of flight {unknown}
 f - 2 potions of invisibility {unknown}
 g - 2 potions of cancellation {unknown}
 k - 2 potions of magic


   Skills:
 - Level 1.9 Dodging
 - Level 2.0 Stealth
 + Level 3.0 Spellcasting
 + Level 4.7 Conjurations


You had 8 spell levels left.
You knew the following spells:

 Your Spells              Type           Power      Damage    Failure   Level
a - Magic Dart            Conj           92%        1d7       1%          1

Your spell library contained the following spells:

 Spells                   Type           Power      Damage    Failure   Level
 Searing Ray              Conj           46%        2d6       2%          2
 Dazzling Flash           Conj/Hex       26%        N/A       16%         3
 Fulminant Prism          Conj/Hex       6%         3d7       45%         4
 Iskenderun's Mystic Bla  Conj/Tloc      13%        2d5       45%         4


Dungeon Overview and Level Annotations

Branches:
Dungeon (3/15)

Altars:
Hepliaklqana


Innate Abilities, Weirdness & Mutations

You have a pair of small horns on your head.
A weak demonic guardian rushes to your aid.


Message History

The magic dart hits the jackal.
You kill the jackal!
You can't see any susceptible monsters within range! (Use Z to cast anyway.)
You can't see any susceptible monsters within range! (Use Z to cast anyway.)
You see here a +0 hand axe.
Found a stone staircase leading up.
There is a stone staircase leading up here.
There is a stone staircase leading down here.
As you open the door, it creaks loudly!
There is an open door here.
You open the door.
A kobold, a rat, a giant cockroach, a hobgoblin and a bat come into view.
The kobold shouts!
You hear a bark!
The hobgoblin shouts!
The bat moves out of view.
There are monsters nearby!
There are monsters nearby!
The magic dart hits the giant cockroach.
The giant cockroach is severely wounded.
The magic dart hits the giant cockroach.
You kill the giant cockroach!
The bat misses you.
The magic dart hits the bat.
You kill the bat!
The rat twitches its whiskers.
The magic dart hits the hobgoblin.
The hobgoblin is almost dead.
The hobgoblin barely misses you.
You barely miss the hobgoblin.
The hobgoblin is almost dead.
The hobgoblin misses you.
You closely miss the hobgoblin.
The hobgoblin is almost dead.
The hobgoblin hits you.
You hit the hobgoblin but do no damage. You headbutt the hobgoblin.
You kill the hobgoblin!
The rat barely misses you.
You have reached level 4!
You feel stronger.
Your demonic ancestry asserts itself...
You feel the presence of a demonic guardian.
Are you sure you want to abandon this character and quit the game? (Confirm with "yes".)

##. #######.#
#......## #####
#.###.#.# ##
#...# ##.# #.#..
.. +.8.# #..#
#.... #. #...#
#.## ###..
#K#...### #.#
### #r@8.'.#
#.## ###
#..#...#.###..##
#.. #..
#...#...#.#.##
#.. #..
+.8.###..###.#
#.. +. #...#
###.#.## #.. #
##### ##.## #..
#.# #..
#.#####..
#.#......


You could see a kobold and a rat.

Vanquished Creatures
  A gnoll (D:1)
  A worm (D:2)
  2 dart slugs (D:1)
  An orc (D:3)
  2 ball pythons (D:1)
  5 bats
  6 endoplasms
  5 giant cockroaches
  3 goblins
  6 hobgoblins
  3 jackals (D:3)
  A quokka (D:3)
  3 frilled lizards
  3 kobolds (D:2)
  A rat (D:1)
43 creatures vanquished.

Vanquished Creatures (others)
  6 plants (D:3)
6 creatures vanquished.

Grand Total: 49 creatures vanquished

Notes
Turn   | Place    | Note
-------+----------+-------------------------------------------
     0 | D:1      | vishdafish the Demonspawn Conjurer began the quest for the
                  | Orb.
     0 | D:1      | Reached XP level 1. HP: 13/13 MP: 3/3
   393 | D:1      | Gained mutation: You have a pair of small horns on your
                  | head. [demonic ancestry]
   393 | D:1      | Reached XP level 2. HP: 19/19 MP: 1/5
  1096 | D:2      | Reached XP level 3. HP: 24/24 MP: 1/6
  1680 | D:1      | Found a faded altar of an unknown god.
  2231 | D:3      | Found a hazy altar of Hepliaklqana.
  2877 | D:3      | Gained mutation: A weak demonic guardian rushes to your
                  | aid. [demonic ancestry]
  2877 | D:3      | Reached XP level 4. HP: 24/30 MP: 3/8
  2877 | D:3      | Quit the game

Illustrated notes

Levels and vault maps discovered:
D:1:      amcnicky_arrival_choice, layout_basic,
          dreamdust_ecumenical_altar_statues
D:2:      layout_rooms, kennysheep_generic_room_13
D:3:      minmay_chambers_of_threes, layout_loops_cross,
          nicolae_hepliaklqana_hazy_memory

Skill      XL: |  1  2  3 |
---------------+----------+-----
Stealth        | 2 |  2.0
Spellcasting   | 3 |  3.0
Dodging        | |  1.9
Conjurations   | |  4.7

Action                   |  1- 3 |  4- 6 || total
-------------------------+-------+-------++-------
Melee: Unarmed           |     8 |       ||     8
       Punch             |     1 |       ||     1
       Short sword       |    14 |       ||    14
       Headbutt          |     4 |       ||     4
 Cast: Magic Dart        |    87 |       ||    87
  Use: Potion            |     1 |       ||     1
Armor: Robe              |     2 |       ||     2
Dodge: Dodged            |    20 |       ||    20
